 Dungeon Crawl Stone Soup version 0.29-a0-251-g80730f7218 (webtiles) character file.

Game seed: 9959349678021015091

188 Morbidden the Ruffian (level 5, 0/42 HPs)
             Began as a Draconian Transmuter on Mar 5, 2022.
             Was an Initiate of Cheibriados.
             Slain by a mummy (5 damage)
             ... in an ossuary.
             The game lasted 00:04:52 (3767 turns).

Morbidden the Ruffian (Draconian Transmuter)        Turns: 3767, Time: 00:04:52

Health: 0/42       AC:  7    Str: 16    XL:     5   Next: 39%
Magic:  8/8        EV: 12    Int: 14    God:    Cheibriados [......]
Gold:   172        SH:  0    Dex: 12    Spells: 4/8 levels left

rFire   + . .      SeeInvis .     - Unarmed
rCold   . . .      Faith    .   (no shield)
rNeg    . . .      Spirit   .   (body armour unavailable)
rPois   .          Reflect  .   (helmet restricted)
rElec   .          Harm     .   p - +1 cloak
rCorr   .          Rampage  .   (no gloves)
Will    .....                   (no boots)
Stlth   +.........              (no amulet)
HPRegen 0.14/turn               o - ring of protection from fire
MPRegen 0.11/turn               (no ring)

@: confused, ambrosia-drunk, flying, slowed, very slow
A: AC +5, unfitting armour, cold-blooded
a: Renounce Religion


You were in an ossuary.
You worshipped Cheibriados.
Cheibriados was noncommittal.
You visited 2 branches of the dungeon, and saw 5 of its levels.
You also visited: Ossuary.

You collected 172 gold pieces.

Inventory:

Hand Weapons
 b - a +0 arbalest
Armour
 p - a +1 cloak (worn)
Jewellery
 o - a ring of protection from fire (left hand)
Scrolls
 f - 2 scrolls of fear
 l - 2 scrolls of identify
 m - 2 scrolls of enchant armour
Potions
 g - a potion of curing
 h - a potion of flight
 i - a potion of berserk rage {unknown}
 j - 2 potions of heal wounds {unknown}
 q - a potion of attraction {unknown}


   Skills:
 * Level 2.3 Fighting
 + Level 1.0 Crossbows
 + Level 2.3 Dodging
 + Level 0.4 Stealth
 * Level 4.3 Unarmed Combat
 * Level 2.4 Spellcasting
 * Level 2.7 Transmutations
 * Level 1.1 Poison Magic


You had 4 spell levels left.
You knew the following spells:

 Your Spells              Type           Power      Damage    Failure   Level
a - Beastly Appendage     Tmut           18%        N/A       8%          1
b - Spider Form           Tmut/Pois      7%         N/A       30%         3

Your spell library contained the following spells:

 Spells                   Type           Power      Damage    Failure   Level
 Wereblood                Tmut           9%         N/A       12%         2
 Ice Form                 Ice/Tmut       5%         N/A       78%         4


Dungeon Overview and Level Annotations

Branches:
Dungeon (4/15)             Temple (1/1) D:4         Ossuary (1/1)

Altars:
Cheibriados
Elyvilon
Ru

Shops:
D:1 =


Innate Abilities, Weirdness & Mutations

Your plain brown scales are hard. (AC +5)
You cannot fit into any form of body armour.
You are cold-blooded and may be slowed by cold attacks.


Message History

A bullfrog zombie comes into view.
The bog mummy casts a spell at you.
You feel as though you will be slow longer.
The bog mummy hits you!
* * * LOW HITPOINT WARNING * * *
It was a potion of curing.
You feel better.
A centaur zombie comes into view.
The bog mummy hits you.
Unknown command.
Unknown command.
It was a potion of flight.
You feel very buoyant.
You fly up into the air.
Unknown command.
It was a potion of ambrosia.
You are confused.
You feel invigorated.
The bullfrog zombie hits you but does no damage.
The bog mummy hits you!
* * * LOW HITPOINT WARNING * * *
The mummy hits you!
* * * LOW HITPOINT WARNING * * *
Okay, then.
Unknown command.
You hit the bog mummy.
You tail-slap the bog mummy, but do no damage.
The bog mummy is almost destroyed.
The bullfrog zombie hits you.
* * * LOW HITPOINT WARNING * * *
The bullfrog zombie closely misses you. The mummy closely misses you.
Unknown command.
Unknown command.
You hit the bog mummy.
You destroy the bog mummy!
The bullfrog zombie misses you. The killer bee zombie hits you.
* * * LOW HITPOINT WARNING * * *
The bullfrog zombie barely misses you. The killer bee zombie hits you.
* * * LOW HITPOINT WARNING * * *
The mummy hits you.
You die...

#####
#@ZZ#
#MZ.#
#Z..#
##'##
.≈≈
≈≈#.≈
P#.
.≈P
#≈≈#
≈#≈#
≈ ≈
#≈#≈


You could see a mummy, a water moccasin zombie, a bullfrog zombie, a killer bee
zombie and a centaur zombie.

Vanquished Creatures
  An iguana (D:4)
  4 mummies (Ossuary)
  2 worms
  A dart slug (D:2)
  2 orcs
  7 ball pythons
  11 bats
  4 endoplasms
  2 giant cockroaches
  10 goblins
  7 hobgoblins
  9 kobolds
  A quokka (D:1)
  4 frilled lizards
  5 rats (D:1)
70 creatures vanquished.

Vanquished Creatures (others)
  A withered plant (Ossuary)
1 creature vanquished.

Grand Total: 71 creatures vanquished

Notes
Turn   | Place    | Note
-------+----------+-------------------------------------------
     0 | D:1      | Morbidden the Draconian Transmuter began the quest for the
                  | Orb.
     0 | D:1      | Reached XP level 1. HP: 16/16 MP: 3/3
   195 | D:1      | Reached XP level 2. HP: 23/23 MP: 5/5
   420 | D:1      | Found a faded altar of an unknown god.
   776 | D:1      | Reached XP level 3. HP: 10/28 MP: 6/6
  1159 | D:1      | Found Hatteafu's One-of-a-Kind Rings.
  1647 | D:2      | Learned a level 3 spell: Spider Form
  1981 | D:2      | Reached skill level 4 in Unarmed Combat
  2581 | D:3      | Reached XP level 4. HP: 36/36 MP: 7/7
  2708 | D:3      | Found a white marble altar of Elyvilon.
  3318 | D:3      | Identified the +3 ring mail of Supple Strength {*Slow
                  | Dex+9}
  3507 | D:4      | Found a staircase to the Ecumenical Temple.
  3516 | Temple   | Entered the Ecumenical Temple
  3541 | Temple   | Became a worshipper of Cheibriados the Contemplative
  3629 | D:4      | Found a sand-covered staircase.
  3734 | Ossuary  | Entered an ossuary
  3747 | Ossuary  | Reached skill level 1 in Poison Magic
  3747 | Ossuary  | Reached XP level 5. HP: 38/41 MP: 6/8
  3754 | Ossuary  | Reached skill level 1 in Crossbows
  3765 | Ossuary  | HP: 1/42 [mummy (10)]
  3767 | Ossuary  | Slain by a mummy

Illustrated notes

Levels and vault maps discovered:
D:1:      tarquinn_simple_flora_water_f, layout_rooms,
          shapermc_ecumenical_altar_venn, minivault_27, serial_park_tiny_pond,
          nicolae_shop_unique_rings
D:2:      layout_basic
D:3:      minmay_door_path, layout_loops_corners, lemuel_crystal_altar,
          eino_curves_04
D:4:      layout_gridville, temple_pool_b, enter_ossuary_2, uniq_ijyb,
          uniq_menkaure
Temple:   regret_index_temple_generic_petals
Ossuary:  ossuary_zaba_flooded

Skill      XL: |  1  2  3  4  5 |
---------------+----------------+-----
Dodging        | 2 |  2.3
Unarmed Combat | 4 |  4.3
Fighting       | 2 |  2.3
Poison Magic   | 1 |  1.1
Crossbows      | 1 |  1.0
Stealth        | |  0.4
Spellcasting   | |  2.4
Transmutations | |  2.7

Action                   |  1- 3 |  4- 6 || total
-------------------------+-------+-------++-------
Melee: Unarmed           |   147 |    45 ||   192
       Tailslap          |    16 |    11 ||    27
       Kick              |     7 |     9 ||    16
       Headbutt          |     3 |     4 ||     7
       Punch             |     1 |     1 ||     2
 Fire: Arbalest          |    16 |    22 ||    38
 Cast: Beastly Appendage |     9 |     2 ||    11
  Use: Scroll            |       |     7 ||     7
       Potion            |       |     3 ||     3
 Stab: Sleeping          |     1 |       ||     1
Armor: Skin              |    59 |    17 ||    76
Dodge: Dodged            |   118 |    27 ||   145

Table legend: (Time is in decaauts)
 A = Elapsed time spent in this place.
 B = Non-inter-level travel time spent in this place.
 C = Inter-level travel time spent in this place.
 D = Time resting spent in this place.
 E = Time spent auto-exploring this place.
 F = Levels seen in this place.
 G = Mean time per level.
                   A        B        C        D        E       F      G
               +--------+--------+--------+--------+--------+-----+--------+
         Total |   3809 |   3715 |     94 |    307 |   2662 |   6 |  634.8 |
       Dungeon |   3711 |   3617 |     94 |    307 |   2661 |   4 |  927.8 |
        Temple |     53 |     53 |      0 |      0 |      0 |   1 |   53.0 |
       Ossuary |     44 |     44 |      0 |      0 |      1 |   1 |   44.0 |
               +--------+--------+--------+--------+--------+-----+--------+

Top non-repeatable levels by time:
     D:1: 1356 daAuts
     D:2: 1167 daAuts
     D:3: 944 daAuts
     D:4: 243 daAuts
  Temple: 53 daAuts
 Ossuary: 44 daAuts
